Build Orders - Match 29942344 - cohdb - Company of Heroes 3 Replays
cohdb
Replays
Latest Replays
All Replays
Popular Replays
Top Player Replays
Match Explorer
How It Works
Community
CoH3 Stats
Reddit
Sign in to upload your games and track your stats! →
Sign in with Steam
Match 29942344
Unlisted
Match 29942344
Overview
Messages
Build Orders
End
Construct Barracks
Riflemen Squad
Riflemen Squad
Riflemen Squad
Riflemen Squad
Grenade Package
Riflemen Squad
Infantry Support Center
Construct Motor Pool
Selects Armored Battlegroup
Selects Strength in Steel
Selects Veteran Crews
M24 Chaffee Light Tank
Selects M31 Recovery Vehicle
Riflemen Squad
M31 Recovery Vehicle
M24 Chaffee Light Tank
Selects War Machine
M24 Chaffee Light Tank
Riflemen Squad
M24 Chaffee Light Tank
M24 Chaffee Light Tank
Selects Seek and Destroy
Riflemen Squad
M1918 Browning Automatic Rifles
Demolitions Package
Seek and Destroy
M24 Chaffee Light Tank
M24 Chaffee Light Tank
Selects M4A3E8 Sherman Combat Group
M4A3E8 Sherman Combat Group
M8 Greyhound Armored Car
M8 Greyhound Armored Car
.30 cal Machine Gun
M8 Greyhound Armored Car
M8 Greyhound Armored Car
*Mule
Bego
▼△BlueSkid™△▼
Nicko
0
0
Comments
sign in to comment!
No comments posted yet!